 Dungeon Crawl Stone Soup version 0.22.0-35-ge4bf2f5f59 (webtiles) character file.

910 testPlayer10921 the Ruffian (level 8, -3/48 (56) HPs)
             Began as a Ghoul Gladiator on Aug 24, 2018.
             Was a Follower of Hepliaklqana.
             Slain by Sigmund
             ... wielding a +2 scythe of slicing
              (11 damage)
             ... on level 6 of the Dungeon.
             The game lasted 00:17:03 (4267 turns).

testPlayer10921 the Ruffian (Ghoul Gladiator)       Turns: 4267, Time: 00:17:03

HP:   -3/48 (56)    AC:  5    Str: 20      XL:     8   Next: 8%
MP:   7/7           EV: 13    Int:  2 (3)  God:    Hepliaklqana [*.....]
Gold: 233           SH:  3    Dex: 10      Spells: 7/7 levels left

rFire    . . .     SeeInvis .   i - +4 flail
rCold    + . .     Gourm    .   (no shield)
rNeg     + + +     Faith    .   a - +0 leather armour
rPois    ∞         Spirit   .   b - +1 helmet
rElec    .         Reflect  +   (no cloak)
rCorr    .         Harm     .   (no gloves)
MR       .....                  (no boots)
Stlth    +.........             g - +3 amulet of reflection
HPRegen  0.00/turn              p - ring of positive energy
MPRegen  0.10/turn              (no ring)

@: rotting, drained
A: rotting body, reduced essence, claws 1, carnivore, cold resistance 1,
negative energy resistance 3, inhibited regeneration, torment resistance,
unbreathing
a: Recall Ancestor, Ancestor Identity, Renounce Religion


You were on level 6 of the Dungeon.
You worshipped Hepliaklqana.
Hepliaklqana was aware of your devotion.
You were hungry.

You visited 1 branch of the dungeon, and saw 6 of its levels.

You collected 233 gold pieces.

Inventory:

Hand Weapons
 i - a +4 flail (weapon)
 n - a +0 club
Missiles
 c - 5 throwing nets (quivered)
 m - 157 stones
Armour
 a - a +0 leather armour (worn)
 b - a +1 helmet (worn)
 l - a +0 robe
 q - a +0 animal skin
Jewellery
 g - a +3 amulet of reflection (around neck)
 o - an uncursed amulet of harm
 p - a ring of positive energy (left claw)
Scrolls
 e - 4 scrolls of remove curse
 f - 5 scrolls of identify
 h - 3 scrolls of amnesia
 r - a scroll of enchant weapon
Potions
 j - a potion of might
 k - a potion of flight
Comestibles
 d - 5 rations


   Skills:
 + Level 3.5(3.4) Fighting
 + Level 3.4(3.3) Maces & Flails
 + Level 2.0(1.9) Throwing
 + Level 3.3(3.2) Armour
 + Level 4.5(4.4) Dodging
 + Level 1.6 Stealth
 + Level 5.8(5.7) Unarmed Combat
   Level 0.3 Evocations


You had 7 spell levels left.
You didn't know any spells.
Your spell library was empty.

Dungeon Overview and Level Annotations

Branches:
Dungeon (6/15)
 Temple: D:4-7

Altars:
Elyvilon
Hepliaklqana
Kikubaaqudgha
Qazlal
Trog
Wu Jian

Annotations:
D:6 Sigmund


Innate Abilities, Weirdness & Mutations

Your body is rotting away.
You thrive on raw meat.
You are immune to poison.
You have sharp fingernails.
You are carnivorous and can eat meat at any time.
Your flesh is cold resistant. (rC+)
You are immune to negative energy. (rN+++)
You do not regenerate when monsters are visible.
You are immune to unholy pain and torment.
You can survive without breathing.
Your life essence is reduced to manifest your ancestor. (-10% HP)


Message History

You hear a shout!
You feel less confused.
You open the door.
You hear some strange, mumbled words.
A puff of flame appears from out of thin air!
The puff of flame misses you.
Okay, then.
A magic dart appears from out of thin air!
The magic dart hits you! Something barely misses you. Something hits you!
You completely miss something. Something hits you.
You barely miss something. You barely miss something.
You hear some strange, mumbled words.
A magic dart appears from out of thin air!
The magic dart hits you!
* * * LOW HITPOINT WARNING * * *
You hit something but do no damage. Something hits you!
You die...

##+## ##..^## .
##.....##.#
##.......#.#
...####..........##
......'.........!..
...####..........#
##@{.....#.
##..<..##
##...###...
#...>.....#
#.#.#####.# ...#.#
......?. #.##......
# #......#


There were no monsters in sight!

Vanquished Creatures
  Grinder (D:3)
  An ogre (D:4)
  A wyvern skeleton (D:2)
  A scorpion (D:4)
  2 hounds (D:4)
  A jelly (D:5)
  2 iguanas (D:4)
  2 worker ants (D:4)
  A killer bee zombie (D:5)
  4 gnolls (D:3)
  7 adders
  An ooze (D:3)
  An adder skeleton (D:5)
  A worm (D:4)
  A dart slug (D:2)
  2 leopard geckos
  9 orcs
  5 giant cockroaches
  4 goblins
  5 hobgoblins
  3 jackals
  2 ball pythons
  2 bats (D:3)
  5 frilled lizards
  10 kobolds
  9 rats
83 creatures vanquished.

Vanquished Creatures (collateral kills)
  A phantom (D:5)
  A jelly (D:5)
  A worker ant (D:5)
  An adder (D:5)
4 creatures vanquished.

Vanquished Creatures (others)
  An ancestor (D:6)
1 creature vanquished.

Grand Total: 88 creatures vanquished

Notes
Turn   | Place    | Note
-------+----------+-------------------------------------------
     0 | D:1      | testPlayer10921 the Ghoul Gladiator began the quest for the Orb.
     0 | D:1      | Reached XP level 1. HP: 17/17 MP: 0/0
   388 | D:1      | Reached XP level 2. HP: 23/23 MP: 1/1
   899 | D:2      | Found a white marble altar of Elyvilon.
   989 | D:2      | Reached skill level 1 in Armour
   989 | D:2      | Reached XP level 3. HP: 26/27 MP: 2/2
  1173 | D:2      | Reached skill level 4 in Unarmed Combat
  1173 | D:2      | Reached XP level 4. HP: 22/32 MP: 3/3
  1280 | D:2      | Found a stormy altar of Qazlal.
  1813 | D:3      | Reached XP level 5. HP: 19/39 MP: 4/4
  2170 | D:3      | Noticed Grinder
  2196 | D:3      | Paralysed by Grinder for 7 turns
  2222 | D:3      | Killed Grinder
  2222 | D:3      | Reached skill level 5 in Unarmed Combat
  2222 | D:3      | Reached XP level 6. HP: 30/50 MP: 5/5
  2650 | D:4      | Reached skill level 1 in Maces & Flails
  2650 | D:4      | Reached XP level 7. HP: 56/56 MP: 6/6
  2943 | D:4      | Reached skill level 1 in Stealth
  2959 | D:4      | Found a hazy altar of Hepliaklqana.
  2966 | D:4      | Became a worshipper of Hepliaklqana the Forgotten
  3317 | D:5      | Entered Level 5 of the Dungeon
  3339 | D:5      | Found an ornate altar of the Wu Jian Council.
  3403 | D:5      | Reached XP level 8. HP: 4/52 MP: 7/7
  3497 | D:5      | Found a bloodstained altar of Trog.
  3668 | D:5      | Reached * piety under Hepliaklqana
  3891 | D:5      | Found an ancient bone altar of Kikubaaqudgha.
  4243 | D:6      | Noticed Sigmund
  4267 | D:6      | Slain by Sigmund

Skill      XL: |  1  2  3  4  5  6  7 |
---------------+----------------------+-----
Armour         | 1 2 3 |  3.3
Dodging        | 3 4 |  4.5
Throwing       | 2 |  2.0
Unarmed Combat | 4 5 |  5.8
Fighting       | 3 |  3.5
Maces & Flails | 1 3 |  3.4
Stealth        | 1 |  1.6
Evocations     | |  0.3

Action                   |  1- 3 |  4- 6 |  7- 9 || total
-------------------------+-------+-------+-------++-------
Melee: Unarmed           |    61 |    90 |       ||   151
       Punch             |     2 |     2 |     4 ||     8
       Flail             |       |    34 |   109 ||   143
Invok: Ancestor Identity |       |       |     1 ||     1
Evoke: Wand              |       |    14 |       ||    14
  Use: Scroll            |     8 |     1 |     1 ||    10
       Potion            |     1 |     5 |     5 ||    11
 Stab: Sleeping          |       |     1 |       ||     1
       Invisible         |       |       |     2 ||     2
       Distracted        |       |       |     1 ||     1
  Eat: Chunk             |       |     5 |     3 ||     8
       Ration            |       |       |     1 ||     1
Armor: Leather armour    |    20 |    31 |    32 ||    83
Dodge: Dodged            |    45 |    88 |    79 ||   212
Block: Other             |       |       |    19 ||    19
       Reflection        |       |       |     1 ||     1
